[ AOE2 MATCH · #495759746 ]
UnrankedMapuche vs Huns
Player's team · LOSS
Rival team · WIN
[ REPLAY ANALYSIS · EXTRACTED FROM THE RECORDED GAME ]
Feudal
9:16
Castle
22:24
Imperial
—
| APM avg | 61.9 |
| APM peak | 96 |
| eAPM avg | 26.5 |
| Villagers / military | 88 / 82 |
Focus
⚔️ 46.4% · 🌾 53.6%
Bolas Rider ×49 · Unknown (2550) ×44 · Skirmisher ×18 · Archer ×9 · Spearman ×6
Feudal
8:51
Castle
21:06
Imperial
—
| APM avg | 56.3 |
| APM peak | 102 |
| eAPM avg | 21.6 |
| Villagers / military | 106 / 95 |
Focus
⚔️ 42.3% · 🌾 57.7%
Skirmisher ×54 · Knight ×35 · Scout Cavalry ×4 · Monk ×2
Match map
Initial resources + every placement click. Lines = walls · curves = elevation contours. ◆ gold · ⬟ stone · ● berries · ✦ relic · ◌ wall gap
Your base· Open — 5t gap
PomberoRabioso's base· Open — 2t gap
Smoothed initial terrain · ◌ = detected wall gap · hover for details
Inputs per minute
— velikasarma122 - - PomberoRabioso
Build order — velikasarma122
First 150 of 319 actions detected
| 0:01 | Create | Villager (Male) |
| 0:02 | Create | Villager (Male) |
| 0:02 | Create | Villager (Male) |
| 0:02 | Create | Villager (Male) |
| 0:03 | Create | Villager (Male) |
| 0:06 | Build | House |
| 0:08 | Build | House |
| 1:28 | Create | Villager (Male) |
| 1:28 | Create | Villager (Male) |
| 1:51 | Build | Settlement |
| 1:53 | Create | Villager (Male) |
| 1:53 | Create | Villager (Male) |
| 2:27 | Create | Villager (Male) |
| 2:40 | Create | Villager (Male) |
| 2:40 | Create | Villager (Male) |
| 3:04 | Create | Villager (Male) |
| 3:05 | Create | Villager (Male) |
| 3:30 | Create | Villager (Male) |
| 3:30 | Create | Villager (Male) |
| 3:36 | Create | Villager (Male) |
| 3:37 | Create | Villager (Male) |
| 4:17 | Build | House |
| 4:23 | Create | Villager (Male) |
| 4:24 | Create | Villager (Male) |
| 4:29 | Create | Villager (Male) |
| 4:50 | Create | Villager (Male) |
| 5:32 | Build | Settlement |
| 5:39 | Create | Villager (Male) |
| 5:55 | Build | Settlement |
| 6:22 | Research | Loom |
| 6:56 | Research | Feudal Age |
| 6:56 | Research | Feudal Age |
| 8:00 | Build | Barracks |
| 8:33 | Create | Villager (Male) |
| 8:54 | Create | Villager (Male) |
| 9:16 | Age | Feudal Age |
| 9:20 | Create | Spearman |
| 9:21 | Create | Villager (Male) |
| 9:29 | Build | House |
| 9:32 | Build | Archery Range |
| 9:34 | Create | Villager (Male) |
| 9:51 | Create | Villager (Male) |
| 10:03 | Create | Villager (Male) |
| 10:07 | Create | Villager (Male) |
| 10:14 | Build | Settlement |
| 10:15 | Create | Skirmisher |
| 10:17 | Create | Skirmisher |
| 10:19 | Create | Spearman |
| 10:20 | Create | Villager (Male) |
| 10:28 | Build | Palisade Wall |
| 10:34 | Create | Spearman |
| 10:39 | Create | Villager (Male) |
| 10:54 | Create | Spearman |
| 11:07 | Create | Archer |
| 11:14 | Build | Blacksmith |
| 11:16 | Create | Villager (Male) |
| 11:30 | Create | Villager (Male) |
| 11:42 | Create | Skirmisher |
| 11:48 | Research | Double-Bit Axe |
| 11:48 | Research | Double-Bit Axe |
| 11:48 | Research | Horse Collar |
| 11:49 | Research | Horse Collar |
| 11:50 | Create | Villager (Male) |
| 11:55 | Create | Villager (Male) |
| 12:05 | Build | Farm |
| 12:08 | Create | Archer |
| 12:08 | Create | Archer |
| 12:42 | Create | Villager (Male) |
| 12:52 | Create | Villager (Male) |
| 12:54 | Create | Archer |
| 12:54 | Create | Archer |
| 12:55 | Create | Villager (Male) |
| 12:58 | Build | Farm |
| 13:07 | Create | Villager (Male) |
| 13:10 | Create | Archer |
| 13:35 | Create | Villager (Male) |
| 13:38 | Create | Spearman |
| 13:40 | Create | Villager (Male) |
| 13:43 | Build | House |
| 13:53 | Build | Farm |
| 13:54 | Build | Farm |
| 13:55 | Build | Farm |
| 13:57 | Create | Villager (Male) |
| 14:01 | Build | House |
| 14:02 | Create | Villager (Male) |
| 14:18 | Create | Villager (Male) |
| 14:23 | Research | Fletching |
| 14:23 | Research | Fletching |
| 14:25 | Research | Gold Mining |
| 14:26 | Research | Gold Mining |
| 14:32 | Build | Farm |
| 14:33 | Build | Farm |
| 14:34 | Create | Villager (Male) |
| 14:46 | Create | Skirmisher |
| 14:47 | Create | Skirmisher |
| 14:53 | Create | Villager (Male) |
| 15:22 | Create | Skirmisher |
| 15:22 | Create | Skirmisher |
| 15:28 | Build | House |
| 15:38 | Research | Padded Archer Armor |
| 15:39 | Research | Padded Archer Armor |
| 15:39 | Create | Villager (Male) |
| 16:11 | Create | Skirmisher |
| 16:11 | Create | Skirmisher |
| 16:19 | Create | Skirmisher |
| 16:20 | Create | Villager (Male) |
| 16:26 | Create | Villager (Male) |
| 16:30 | Build | Farm |
| 16:31 | Build | Farm |
| 16:37 | Build | Farm |
| 16:41 | Build | Farm |
| 16:43 | Build | Farm |
| 16:46 | Build | Farm |
| 17:02 | Create | Villager (Male) |
| 17:04 | Create | Skirmisher |
| 17:04 | Create | Skirmisher |
| 17:19 | Create | Villager (Male) |
| 17:30 | Build | House |
| 17:41 | Create | Villager (Male) |
| 17:45 | Build | Farm |
| 17:46 | Build | Farm |
| 17:47 | Create | Villager (Male) |
| 17:50 | Create | Skirmisher |
| 17:58 | Create | Spearman |
| 17:59 | Create | Villager (Male) |
| 18:02 | Create | Archer |
| 18:02 | Create | Archer |
| 18:04 | Create | Villager (Male) |
| 18:12 | Build | Farm |
| 18:17 | Research | Wheelbarrow |
| 18:17 | Research | Wheelbarrow |
| 18:24 | Build | House |
| 18:35 | Build | Palisade Wall |
| 19:44 | Research | Castle Age |
| 19:44 | Research | Castle Age |
| 20:46 | Create | Skirmisher |
| 20:46 | Create | Skirmisher |
| 20:47 | Create | Villager (Male) |
| 20:53 | Build | Archery Range |
| 20:54 | Build | Archery Range |
| 20:56 | Create | Skirmisher |
| 21:18 | Create | Skirmisher |
| 21:21 | Create | Skirmisher |
| 21:22 | Create | Villager (Male) |
| 22:15 | Build | Palisade Wall |
| 22:20 | Build | Palisade Wall |
| 22:24 | Age | Castle Age |
| 22:29 | Create | Bolas Rider |
| 22:29 | Create | Bolas Rider |
| 22:29 | Create | Bolas Rider |
Build order — PomberoRabioso
First 150 of 289 actions detected
| 0:00 | Create | Villager (Male) |
| 0:01 | Create | Villager (Male) |
| 0:01 | Create | Villager (Male) |
| 0:06 | Create | Villager (Male) |
| 0:06 | Create | Villager (Male) |
| 1:17 | Create | Villager (Male) |
| 1:17 | Create | Villager (Male) |
| 1:27 | Create | Villager (Male) |
| 1:28 | Create | Villager (Male) |
| 1:55 | Build | Lumber Camp |
| 2:09 | Create | Villager (Male) |
| 2:09 | Create | Villager (Male) |
| 2:15 | Create | Villager (Male) |
| 2:15 | Create | Villager (Male) |
| 2:39 | Create | Villager (Male) |
| 2:40 | Create | Villager (Male) |
| 3:27 | Create | Villager (Male) |
| 3:35 | Create | Villager (Male) |
| 3:35 | Create | Villager (Male) |
| 4:04 | Create | Villager (Male) |
| 4:21 | Create | Villager (Male) |
| 4:40 | Build | Mill |
| 4:52 | Create | Villager (Male) |
| 5:16 | Create | Villager (Male) |
| 5:24 | Research | Loom |
| 5:49 | Create | Villager (Male) |
| 6:29 | Research | Feudal Age |
| 7:55 | Build | Barracks |
| 8:06 | Create | Villager (Male) |
| 8:51 | Age | Feudal Age |
| 8:57 | Build | Stable |
| 9:02 | Create | Villager (Male) |
| 9:26 | Create | Villager (Male) |
| 9:43 | Create | Scout Cavalry |
| 9:43 | Create | Scout Cavalry |
| 9:43 | Create | Scout Cavalry |
| 9:53 | Research | Double-Bit Axe |
| 9:53 | Create | Villager (Male) |
| 10:09 | Create | Villager (Male) |
| 10:37 | Build | Archery Range |
| 10:37 | Create | Villager (Male) |
| 10:51 | Build | Lumber Camp |
| 10:54 | Build | Farm |
| 10:55 | Build | Farm |
| 11:04 | Create | Villager (Male) |
| 11:18 | Build | Farm |
| 11:22 | Create | Villager (Male) |
| 11:49 | Create | Skirmisher |
| 11:49 | Create | Skirmisher |
| 11:55 | Create | Villager (Male) |
| 12:01 | Build | Farm |
| 12:09 | Build | Farm |
| 12:10 | Build | Farm |
| 12:12 | Create | Villager (Male) |
| 12:20 | Create | Skirmisher |
| 12:43 | Create | Villager (Male) |
| 12:44 | Create | Skirmisher |
| 12:48 | Create | Villager (Male) |
| 12:55 | Build | Farm |
| 12:56 | Build | Farm |
| 12:56 | Build | Farm |
| 12:56 | Build | Farm |
| 13:00 | Create | Skirmisher |
| 13:02 | Create | Villager (Male) |
| 13:10 | Build | Farm |
| 13:36 | Build | Blacksmith |
| 13:42 | Create | Villager (Male) |
| 13:58 | Create | Skirmisher |
| 14:07 | Build | Mining Camp |
| 14:15 | Create | Skirmisher |
| 14:19 | Create | Villager (Male) |
| 14:27 | Build | Palisade Wall |
| 14:28 | Research | Fletching |
| 14:29 | Create | Skirmisher |
| 14:47 | Create | Villager (Male) |
| 14:52 | Create | Villager (Male) |
| 15:28 | Create | Villager (Male) |
| 15:34 | Create | Skirmisher |
| 15:47 | Create | Skirmisher |
| 15:51 | Create | Skirmisher |
| 16:05 | Create | Villager (Male) |
| 16:06 | Create | Skirmisher |
| 16:08 | Create | Skirmisher |
| 16:15 | Create | Skirmisher |
| 16:31 | Create | Villager (Male) |
| 16:35 | Build | Farm |
| 16:39 | Build | Farm |
| 16:40 | Build | Farm |
| 16:46 | Build | Market |
| 16:53 | Create | Scout Cavalry |
| 17:01 | Research | Padded Archer Armor |
| 17:02 | Research | Wheelbarrow |
| 18:12 | Build | Farm |
| 18:12 | Build | Farm |
| 18:13 | Build | Farm |
| 18:13 | Build | Farm |
| 18:13 | Build | Farm |
| 18:26 | Research | Castle Age |
| 19:06 | Build | Stable |
| 19:09 | Research | Bloodlines |
| 19:25 | Research | Scale Barding Armor |
| 19:40 | Research | Horse Collar |
| 20:14 | Create | Villager (Male) |
| 20:58 | Create | Villager (Male) |
| 21:06 | Age | Castle Age |
| 21:07 | Create | Knight |
| 21:07 | Create | Knight |
| 21:07 | Create | Knight |
| 21:09 | Build | Town Center |
| 21:13 | Create | Knight |
| 21:21 | Research | Bodkin Arrow |
| 21:30 | Create | Villager (Male) |
| 22:07 | Create | Knight |
| 22:07 | Create | Villager (Male) |
| 22:08 | Create | Villager (Male) |
| 22:17 | Create | Villager (Male) |
| 22:34 | Research | Elite Skirmisher (upgrade) |
| 22:39 | Create | Knight |
| 22:39 | Create | Knight |
| 22:51 | Create | Villager (Male) |
| 23:04 | Create | Skirmisher |
| 23:04 | Create | Skirmisher |
| 23:22 | Create | Villager (Male) |
| 23:23 | Create | Knight |
| 23:24 | Create | Knight |
| 23:43 | Create | Villager (Male) |
| 23:49 | Create | Knight |
| 23:55 | Build | Town Center |
| 23:56 | Create | Villager (Male) |
| 24:20 | Create | Villager (Male) |
| 24:34 | Create | Villager (Male) |
| 24:35 | Create | Villager (Male) |
| 24:35 | Create | Villager (Male) |
| 24:56 | Create | Villager (Male) |
| 25:01 | Create | Knight |
| 25:02 | Create | Knight |
| 25:02 | Create | Knight |
| 25:07 | Build | Farm |
| 25:07 | Build | Farm |
| 25:07 | Build | Farm |
| 25:08 | Build | Farm |
| 25:08 | Build | Farm |
| 25:08 | Build | Farm |
| 25:08 | Build | Farm |
| 25:09 | Build | Farm |
| 25:11 | Create | Knight |
| 25:12 | Create | Knight |
| 25:19 | Create | Villager (Male) |
| 25:19 | Create | Villager (Male) |
| 25:25 | Build | University |
Match timeline
| 7:55 | PomberoRabioso · first_building Barracks |
| 8:00 | velikasarma122 · first_building Barracks |
| 8:51 | PomberoRabioso · age_up feudal |
| 8:57 | PomberoRabioso · first_building Stable |
| 9:16 | velikasarma122 · age_up feudal |
| 9:32 | velikasarma122 · first_building Archery Range |
| 10:28 | velikasarma122 · wall_segment Palisade Wall x3 |
| 10:37 | PomberoRabioso · first_building Archery Range |
| 14:27 | PomberoRabioso · wall_segment Palisade Wall x6 |
| 18:18 | PomberoRabioso · first_market_buy 100 food |
| 18:21 | PomberoRabioso · first_market_sell 100 wood |
| 18:35 | velikasarma122 · wall_segment Palisade Wall x10 |
| 21:06 | PomberoRabioso · age_up castle |
| 22:15 | velikasarma122 · wall_segment Palisade Wall x3 |
| 22:20 | velikasarma122 · wall_segment Palisade Wall x3 |
| 22:24 | velikasarma122 · age_up castle |
| 24:34 | velikasarma122 · first_market_sell 100 food |
| 25:39 | PomberoRabioso · first_building Monastery |
| 27:34 | velikasarma122 · first_building Siege Workshop |
| 33:02 | PomberoRabioso · first_building Castle |
| 34:34 | velikasarma122 · resign |
[ AI ANALYSIS · 1 CREDIT ]
What really happened in this match?
Wolo.gg analyzes every decision: build order, eco, micro, common mistakes by bracket. Personalized analysis on WhatsApp or Discord in 30 seconds.
Civ guide
Mapuche
Perfil
velikasarma122